 Dungeon Crawl Stone Soup version 0.29-a0-973-gac7da5f7f0 (webtiles) character file.

Game seed: 5833689351838216016

50273 xian the Tortoise (level 14, -31/133 HPs)
             Began as a Minotaur Fighter on Aug 1, 2022.
             Was a High Priest of Wu Jian.
             Annihilated by an enormous slime creature (42 damage)
             ... on level 13 of the Dungeon.
             The game lasted 01:19:05 (23103 turns).

xian the Tortoise (Minotaur Fighter)               Turns: 23103, Time: 01:19:05

Health: -31/133    AC: 37    Str: 25    XL:     14   Next: 19%
Magic:  13/13      EV:  7    Int:  5    God:    Wu Jian [*****.]
Gold:   1486       SH:  6    Dex: 11    Spells: 13/13 levels left

rFire   . . .      SeeInvis +   B - +7 whip of Roatorhy {vorpal, rElec rPois Stlth+}
rCold   . . .      Faith    .   F - +0 buckler {rPois}
rNeg    . . .      Spirit   .   d - +0 crystal plate armour
rPois   +          Reflect  .   (helmet restricted)
rElec   +          Harm     .   X - +1 cloak
rCorr   .          Rampage  .   e - +2 pair of gloves
Will    +....                   N - +1 pair of boots
Stlth   ..........              u - amulet of the acrobat
HPRegen 0.32/turn               V - ring of see invisible
MPRegen 0.13/turn               I - +4 ring of protection

@: no status effects
A: horns 2, retaliatory headbutt, beak
a: Renounce Religion, Wall Jump, Serpent's Lash, Heavenly Storm


You were on level 13 of the Dungeon.
You worshipped Wu Jian.
Wu Jian was extremely pleased with you.
You visited 5 branches of the dungeon, and saw 19 of its levels.
You also visited: Ossuary and Volcano.

You collected 2078 gold pieces.
You spent 592 gold pieces at shops.

Inventory:

Hand Weapons
 k - a +1 longbow of flaming
 t - a +4 short sword of protection
 B - the +7 whip of Roatorhy (weapon) {vorpal, rElec rPois Stlth+}
   (You found it on level 6 of the Dungeon)

   It inflicts extra damage upon your enemies.
   rElec:     It insulates you from electricity.
   rPois:     It protects you from poison.
   Stlth:     It makes you more stealthy.
Missiles
 z - 82 poisoned darts (quivered)
 C - 7 curare-tipped darts
 G - 2 atropa-tipped darts
 H - 7 throwing nets
Armour
 d - a +0 crystal plate armour (worn)
 e - a +2 pair of gloves (worn)
 D - the +3 leather armour of Tender Moments {Rampage rC+ rN+ SInv}
   (You found it on level 6 of the Dungeon)

   rC:        It protects you from cold.
   rN:        It protects you from negative energy.
   SInv:      It lets you see invisible.
   Rampage:   It bestows one free step when moving towards enemies.
 F - a +0 buckler of poison resistance (worn)
 N - a +1 pair of boots (worn)
 X - a +1 cloak (worn)
Jewellery
 o - a +6 ring of intelligence
 p - a ring of wizardry
 u - an amulet of the acrobat (around neck)
 I - a +4 ring of protection (right hand)
 U - a +4 ring of protection
 V - a ring of see invisible (left hand)
Wands
 i - a wand of paralysis (8)
 r - a wand of flame (20)
 A - a wand of roots (10)
 E - a wand of mindburst (50)
 Q - a wand of quicksilver (7)
 T - a wand of digging (6)
Scrolls
 a - 3 scrolls of enchant armour
 g - 3 scrolls of butterflies
 h - 2 scrolls of poison
 j - 5 scrolls of enchant weapon
 l - a scroll of immolation
 m - a scroll of brand weapon
 v - 4 scrolls of teleportation
 w - 3 scrolls of blinking
 x - 3 scrolls of magic mapping
 y - 3 scrolls of summoning
 L - a scroll of identify
 R - 4 scrolls of fear
Potions
 b - 4 potions of invisibility
 c - 4 potions of brilliance
 f - 2 potions of heal wounds
 q - 2 potions of cancellation
 s - 6 potions of curing
 J - a potion of flight
 K - 4 potions of resistance
 O - 2 potions of magic
 P - 4 potions of mutation
 S - 2 potions of lignification
Miscellaneous
 n - a phial of floods


   Skills:
 + Level 14.4 Fighting
 + Level 5.8 Short Blades
 + Level 15.3 Maces & Flails
 + Level 0.4 Throwing
 + Level 16.1 Armour
 + Level 6.3 Dodging
 + Level 1.5 Stealth
 + Level 11.8 Shields
 + Level 0.3 Evocations


You had 13 spell levels left.
You didn't know any spells.
Your spell library contained the following spells:

 Spells                   Type           Power      Damage    Failure   Level
 Apportation              Tloc           0%         N/A       100%        1
 Scorch                   Fire           0%         2d5       100%        2
 Sublimation of Blood     Necr           0%         N/A       100%        2
 Wereblood                Tmut           0%         N/A       100%        2
 Call Canine Familiar     Summ           0%         N/A       100%        3
 Portal Projectile        Hex/Tloc       0%         N/A       100%        3
 Tukima's Dance           Hex            0%         N/A       100%        3
 Animate Armour           Summ/Erth      0%         N/A       100%        4
 Flame Wave               Conj/Fire      0%         2d4       100%        4
 Fulminant Prism          Conj/Hex       0%         3d6       100%        4
 Iskenderun's Mystic Bla  Conj/Tloc      0%         2d3       100%        4
 Leda's Liquefaction      Hex/Erth       0%         N/A       100%        4
 Olgreb's Toxic Radiance  Pois           0%         N/A       100%        4
 Passage of Golubria      Tloc           0%         N/A       100%        4
 Alistair's Intoxication  Tmut/Pois      0%         N/A       100%        5
 Blade Hands              Tmut           0%         N/A       100%        5
 Lee's Rapid Deconstruct  Erth           0%         3d5*      100%        5
 Yara's Violent Unravell  Hex/Tmut       0%         3d3       100%        5
 Iron Shot                Conj/Erth      0%         9d1       100%        6
 Summon Cactus Giant      Summ           0%         N/A       100%        6
 Ozocubu's Refrigeration  Ice            0%         4d5       100%        7
 Summon Hydra             Summ           0%         N/A       100%        7
 Ignition                 Fire           0%         3d3       100%        8


Dungeon Overview and Level Annotations

Branches:
Dungeon (13/15)            Temple (1/1) D:6            Lair (2/5) D:10
    Orc (2/2) D:10            Elf (1/3) Orc:2       Ossuary (visited)
Volcano (visited)
  Swamp: Lair:2-3    Shoals: Lair:2-3     Snake: Lair:2-3    Spider: Lair:2-3
 Vaults: D:13-14

Altars:
Cheibriados
Dithmenos
Fedhas
Gozag
Hepliaklqana
Kikubaaqudgha
Makhleb
Nemelex Xobeh
Okawaru
Qazlal
Ru
Sif Muna
Trog
Uskayaw
Vehumet
Wu Jian
Yredelemnul
Zin
The Shining One

Shops:
D:1 [   D:4 **   D:6 (*   D:8 [   Orc:2 *[=[(

Portals:
Abyss: Lair:2

Annotations:
D:13 1 runed translucent door
Lair:1 3 runed translucent doors, logorrheac's ghost, journeyman MiFi
Lair:2 2 transporters, Kaluijim's ghost, journeyman SpEn


Innate Abilities, Weirdness & Mutations

You have a pair of horns on your head.
You reflexively headbutt those who attack you in melee.
You have a beak for a mouth.


Message History

You whack the very large slime creature!
You headbutt the very large slime creature!
The very large slime creature is severely wounded.
The very large slime creature hits you.
You completely miss the very large slime creature.
The very large slime creature is severely wounded.
You barely miss the very large slime creature.
You peck the very large slime creature.
The very large slime creature is severely wounded.
Two slime creatures merge to form an enormous slime creature.
You hit the enormous slime creature.
The enormous slime creature is heavily wounded.
You hit the enormous slime creature. You peck the enormous slime creature.
The enormous slime creature is heavily wounded.
The enormous slime creature hits you but does no damage.
You whack the enormous slime creature! You peck the enormous slime creature.
The enormous slime creature is heavily wounded.
You hit the enormous slime creature.
The enormous slime creature is heavily wounded.
The enormous slime creature hits you!!!
You hit the enormous slime creature. You peck the enormous slime creature!
The enormous slime creature is severely wounded.
You hit the enormous slime creature.
The enormous slime creature is severely wounded.
The enormous slime creature hits you!!!
* * * LOW HITPOINT WARNING * * *
Unknown command.
You hit the enormous slime creature.
The enormous slime creature is severely wounded.
You whack the enormous slime creature!
You headbutt the enormous slime creature!
You peck the enormous slime creature.
The enormous slime creature is severely wounded.
The enormous slime creature barely misses you.
You hit the enormous slime creature. You peck the enormous slime creature.
The enormous slime creature is almost dead.
You whack the enormous slime creature! You peck the enormous slime creature.
The enormous slime creature is almost dead.
The enormous slime creature hits you!!!
You die...

########## #.@J......
.###.########.########
...................#
........######.###.#
.........).....###.######.
#...#.#.................<.
...................#####..
##...#.########.#####
.......[......>.#


You could see an enormous slime creature.

Vanquished Creatures
  A fire dragon (Volcano)
  Harold (Lair:2)
  A hydra (Lair:2)
  9 two-headed ogres
  2 centaur warriors (D:13)
  2 ogre magi
  A dancing weapon (Elf:1)
  The ghost of mathmaestro the Black Sun, a novice DsNe of Kikubaaqudgha (D:9)
  A tengu warrior (D:8)
  6 orc high priests
  3 skeletal warriors (D:13)
  The ghost of hesitate the Carver, a novice DjFE of Okawaru (D:8)
  A lindwurm (Volcano)
  A deep elf pyromancer (Elf:1)
  3 wolf spiders (Lair:1)
  6 orc knights (Orc:2)
  3 cyclopes
  3 manticores
  Maurice (D:8)
  2 black mambas
  6 cane toads
  2 komodo dragons
  2 kobold demonologists (D:12)
  A meliai (shapeshifter) (D:13)
  A troll (D:6)
  A hornet (Lair:1)
  Grinder (D:5)
  3 slime creatures (D:13)
  8 blink frogs (Lair:2)
  Sigmund (D:2)
  A shadow (D:9)
  A wyvern (D:8)
  A vampire (D:12)
  2 wraiths
  4 fire bats (Volcano)
  28 yaks
  Grum (D:9)
  7 vampire mosquitoes
  3 steam dragons
  6 wargs (Orc:2)
  7 water moccasins
  3 acid dragons
  A hell hound (Volcano)
  40 orc warriors
  2 sky beasts
  An ice beast (D:5)
  3 black bears
  2 wolves (D:9)
  12 ogres
  6 centaurs
  12 kobold brigands
  A phantom (D:4)
  Blork the orc (D:6)
  9 bullfrogs
  3 gnoll sergeants
  14 scorpions
  A howler monkey (D:6)
  5 hounds
  25 orc priests
  2 centaur zombies (Ossuary)
  Crazy Yiuf (D:6)
  5 jellies
  A gnoll bouda (D:6)
  3 human zombies (Ossuary)
  8 iguanas
  Terence (D:3)
  5 scorpion zombies (Ossuary)
  24 orc wizards
  4 mummies
  Robin (D:2)
  20 gnolls
  13 adders
  A shadow imp (D:7)
  2 white imps
  An ufetubus (D:4)
  A worm (D:4)
  2 dart slugs
  81 orcs
  8 endoplasms
  6 giant cockroaches
  A gnoll zombie (Ossuary)
  8 hobgoblins
  3 jackals (D:2)
  4 quokkas
  11 ball pythons
  4 bats
  2 frilled lizards
  24 goblins
  5 hobgoblin zombies (Ossuary)
  21 kobolds
  A kobold zombie (Ossuary)
  3 orc zombies (Ossuary)
  6 rats
560 creatures vanquished.

Vanquished Creatures (others)
  A kobold demonologist (D:8)
  An orc (Elf:1)
  20 fungi
  51 plants
73 creatures vanquished.

Grand Total: 633 creatures vanquished

Notes
Turn   | Place    | Note
-------+----------+-------------------------------------------
     0 | D:1      | xian the Minotaur Fighter began the quest for the Orb.
     0 | D:1      | Reached XP level 1. HP: 19/19 MP: 0/0
   338 | D:1      | Reached XP level 2. HP: 22/27 MP: 1/1
   405 | D:1      | Found Otointy's Armour Shop.
   442 | D:1      | Reached skill level 4 in Armour
   886 | D:2      | Reached XP level 3. HP: 31/33 MP: 2/2
   902 | D:2      | Noticed Robin
   914 | D:2      | Killed Robin
   931 | D:2      | Noticed Sigmund
   950 | D:2      | Killed Sigmund
   951 | D:2      | Reached skill level 5 in Armour
   951 | D:2      | Reached skill level 1 in Dodging
   951 | D:2      | Reached XP level 4. HP: 21/41 MP: 3/3
   951 | D:2      | Reached XP level 5. HP: 24/47 MP: 4/4
  1163 | D:2      | Reached XP level 6. HP: 53/53 MP: 5/5
  1166 | D:2      | Reached skill level 5 in Maces & Flails
  1396 | D:2      | Found a faded altar of an unknown god.
  1431 | D:2      | Found a bloodstained altar of Trog.
  1763 | D:3      | Found a bloodstained altar of Trog.
  1766 | D:3      | Found a basalt altar of Yredelemnul.
  1770 | D:3      | Found a stormy altar of Qazlal.
  1840 | D:3      | Noticed Terence
  1852 | D:3      | Killed Terence
  2818 | D:4      | Found Riotiomesm's Mass Market.
  3131 | D:4      | Found Cipsum's General Store.
  3139 | D:4      | Bought a scroll of identify for 26 gold pieces
  3139 | D:4      | Bought a scroll of identify for 26 gold pieces
  3139 | D:4      | Bought a scroll of teleportation for 39 gold pieces
  3199 | D:4      | Reached skill level 1 in Short Blades
  3199 | D:4      | Reached XP level 7. HP: 60/60 MP: 6/6
  3340 | D:5      | Entered Level 5 of the Dungeon
  3661 | D:5      | Reached skill level 6 in Armour
  3692 | D:4      | Reached skill level 5 in Shields
  3829 | D:4      | Reached skill level 5 in Fighting
  4280 | D:5      | Reached skill level 7 in Armour
  4280 | D:5      | Reached XP level 8. HP: 62/68 MP: 7/7
  4311 | D:5      | Noticed Grinder
  4318 | D:5      | Paralysed by Grinder for 2 turns
  4348 | D:5      | Killed Grinder
  4908 | D:5      | Reached skill level 8 in Armour
  5269 | D:6      | Noticed Blork the orc
  5318 | D:6      | Identified the +7 whip of Roatorhy {vorpal, rElec rPois
                  | Stlth+}
  5373 | D:6      | Killed Blork the orc
  5374 | D:6      | Reached skill level 5 in Short Blades
  5395 | D:6      | Found Biaz's Serpentskin Sales.
  5402 | D:6      | Bought 2 curare-tipped darts for 15 gold pieces
  5482 | D:6      | Reached XP level 9. HP: 75/75 MP: 8/8
  5493 | D:6      | Identified the +3 leather armour of Tender Moments {Rampage
                  | rC+ rN+ SInv}
  5509 | D:6      | Found a hide-covered altar of Uskayaw.
  5753 | D:6      | Found a staircase to the Ecumenical Temple.
  5775 | Temple   | Entered the Ecumenical Temple
  5824 | Temple   | Became a worshipper of the Wu Jian Council
  5905 | D:6      | Found Xanugo Uqaf's Weapon Boutique.
  5913 | D:6      | Bought 2 atropa-tipped darts for 15 gold pieces
  5915 | D:6      | Bought 2 throwing nets for 78 gold pieces
  6095 | D:6      | Noticed a troll
  6102 | D:6      | Killed a troll
  6103 | D:6      | Reached skill level 9 in Armour
  6288 | D:6      | Found a runed translucent door.
  6289 | D:6      | Noticed Crazy Yiuf
  6295 | D:6      | Killed Crazy Yiuf
  6497 | D:7      | Found a sand-covered staircase.
  6506 | Ossuary  | Entered an ossuary
  6598 | Ossuary  | Reached * piety under Wu Jian
  6708 | Ossuary  | Reached skill level 5 in Dodging
  7152 | D:7      | Reached XP level 10. HP: 48/86 MP: 9/9
  7170 | D:7      | Found a glowing silver altar of Zin.
  7347 | D:7      | Reached ** piety under Wu Jian
  7348 | D:7      | Found a glowing golden altar of the Shining One.
  7788 | D:8      | Noticed Maurice
  7817 | D:8      | Killed Maurice
  8090 | D:8      | Found a runed translucent gate.
  8090 | D:8      | Found a runed translucent gate.
  8090 | D:8      | Found a runed translucent gate.
  8091 | D:8      | Noticed hesitate's ghost (novice DjFE)
  8151 | D:8      | Noticed a tengu warrior
  8153 | D:8      | Reached skill level 10 in Armour
  8161 | D:8      | Killed a tengu warrior
  8217 | D:8      | Noticed a cyclops
  8232 | D:8      | Killed a cyclops
  8296 | D:8      | Reached skill level 10 in Maces & Flails
  8500 | D:8      | Found Iduhusa's Armour Boutique.
  8661 | D:8      | Noticed a cyclops
  8670 | D:8      | Killed a cyclops
  8688 | D:8      | Noticed a manticore
  8699 | D:8      | Killed a manticore
  8859 | D:9      | You fall into a shaft and drop 2 floors!
  8910 | D:11     | Reached skill level 11 in Armour
  8910 | D:11     | Reached XP level 11. HP: 67/95 MP: 10/10
  9103 | D:10     | Entered Level 10 of the Dungeon
  9103 | D:10     | Found a staircase to the Orcish Mines.
  9144 | D:10     | Reached *** piety under Wu Jian
  9194 | D:10     | Noticed a two-headed ogre
  9201 | D:10     | Killed a two-headed ogre
  9606 | D:9      | Found a runed translucent gate.
  9606 | D:9      | Found a runed translucent gate.
  9606 | D:9      | Found a runed translucent gate.
  9613 | D:9      | Noticed mathmaestro's ghost (novice DsNe)
  9714 | D:9      | Noticed Grum
  9728 | D:9      | Killed Grum
  9956 | D:9      | Noticed a two-headed ogre
  9964 | D:9      | Killed a two-headed ogre
 10260 | D:10     | Found a staircase to the Lair.
 10920 | Orc:1    | Entered Level 1 of the Orcish Mines
 10953 | Orc:1    | Reached **** piety under Wu Jian
 10965 | Orc:1    | Reached skill level 12 in Armour
 11208 | Orc:2    | Entered Level 2 of the Orcish Mines
 11307 | Orc:1    | Found a dark tunnel.
 11317 | Volcano  | Entered a volcano
 11420 | Volcano  | Noticed a fire dragon
 11441 | Volcano  | Killed a fire dragon
 11838 | Volcano  | Noticed a lindwurm
 11855 | Volcano  | Killed a lindwurm
 12425 | Orc:2    | Found Beirnyqua's Bounteous Boutique.
 12444 | Orc:2    | Reached skill level 10 in Fighting
 12520 | Orc:2    | Found a staircase to the Elven Halls.
 12550 | Orc:2    | Bought a potion of berserk rage for 50 gold pieces
 12554 | Orc:2    | Bought a +0 pair of boots for 45 gold pieces
 12713 | Orc:2    | Noticed an ogre mage
 12715 | Orc:2    | Noticed a two-headed ogre
 12727 | Orc:2    | Killed an ogre mage
 12728 | Orc:2    | Reached XP level 12. HP: 77/107 MP: 11/11
 12730 | Orc:2    | Killed a two-headed ogre
 12875 | Orc:2    | Reached ***** piety under Wu Jian
 13184 | Orc:2    | Reached skill level 1 in Stealth
 13327 | Orc:2    | Reached skill level 13 in Armour
 13786 | Orc:2    | Noticed an orc high priest
 13793 | Orc:2    | Noticed an orc high priest
 13797 | Orc:2    | Killed an orc high priest
 14116 | Orc:2    | Noticed an orc high priest
 14141 | Orc:2    | Killed an orc high priest
 14853 | Orc:2    | Noticed an orc high priest
 15073 | Orc:2    | Killed an orc high priest
 15267 | Orc:2    | Noticed an orc high priest
 15273 | Orc:2    | Killed an orc high priest
 15343 | Orc:2    | Killed an orc high priest
 15741 | Orc:2    | Found Ziaciykk's Jewellery Emporium.
 15744 | Orc:2    | Found Sonaujipp's Armour Shoppe.
 15745 | Orc:2    | Found Xuel's Armour Emporium.
 15746 | Orc:2    | Found Seukhloim's Weapon Emporium.
 15755 | Orc:2    | Bought a throwing net for 33 gold pieces
 15858 | Elf:1    | Entered Level 1 of the Elven Halls
 15943 | Elf:1    | Noticed an orc high priest
 16380 | D:9      | Reached skill level 14 in Armour
 16384 | D:9      | Reached XP level 13. HP: 116/118 MP: 12/12
 16409 | D:9      | Killed mathmaestro's ghost
 16410 | D:9      | Reached skill level 10 in Shields
 16610 | D:8      | Killed hesitate's ghost
 16846 | D:6      | Bought a +0 buckler of poison resistance for 110 gold
                  | pieces
 17379 | Orc:2    | Bought a potion of brilliance for 40 gold pieces
 17379 | Orc:2    | Bought a scroll of blinking for 75 gold pieces
 17379 | Orc:2    | Bought a scroll of butterflies for 40 gold pieces
 17389 | Orc:2    | Gained mutation: You have a beak for a mouth. [potion of
                  | mutation]
 17487 | Lair:1   | Entered Level 1 of the Lair of Beasts
 17719 | Lair:1   | Found a runed translucent gate.
 17724 | Lair:1   | Found a runed translucent gate.
 17725 | Lair:1   | Found a runed translucent gate.
 17727 | Lair:1   | Noticed logorrheac's ghost (journeyman MiFi)
 18885 | Lair:2   | Reached ****** piety under Wu Jian
 18895 | Lair:2   | Noticed Harold
 18908 | Lair:2   | Killed Harold
 19242 | Lair:2   | Reached skill level 15 in Armour
 19468 | Lair:2   | Found a transporter.
 19476 | Lair:2   | Found a one-way gate to the infinite horrors of the Abyss.
 19477 | Lair:2   | Noticed Kaluijim's ghost (journeyman SpEn)
 19977 | Lair:2   | Found a transporter.
 21679 | D:12     | Reached skill level 15 in Maces & Flails
 22292 | D:13     | Found a runed translucent door.
 22293 | D:13     | Noticed an ettin
 22293 | D:13     | Noticed a deep elf annihilator
 22293 | D:13     | Noticed a sphinx
 22686 | D:13     | Reached XP level 14. HP: 98/132 MP: 13/13
 22709 | D:13     | Reached skill level 16 in Armour
 23103 | D:13     | Annihilated by an enormous slime creature

Illustrated notes

Levels and vault maps discovered:
D:1:      nzn_arrival_settlement, layout_rooms, serial_shops, nicolae_shop_stone
D:2:      layout_rooms, nicolae_ecumenical_lake_church, basic_altar, uniq_robin,
          uniq_sigmund
D:3:      layout_loops_cross, grunt_temple_overflow_diamond, uniq_terence
D:4:      minmay_chambers_of_twos, layout_cave_pools, serial_shops, shop,
          minmay_shop_mass, minmay_circle_x
D:5:      layout_basic, chequers_serial_rivers_room_b, uniq_grinder
D:6:      layout_rooms, mainiacjoe_overflow_brackets, temple_hall, serial_shops,
          shop, minmay_misc_feat_x, minmay_misc_feat_square,
          guppyfry_shop_venom, uniq_crazy_yiuf_cottage, uniq_blork_the_orc
D:7:      layout_basic, zin_statuary, mainiacjoe_overflow_concentric_impassable,
          gup_ossuary_entry_pyramid, st_stairs_7
D:8:      minmay_ornate_pinched, layout_cave_pools, serial_park,
          serial_park_tiny_1, serial_park_tiny_pond, serial_shops,
          kennysheep_mini, gammafunk_ghost_nasty_kobolds, kb_rosetta,
          uniq_maurice
D:9:      layout_rooms, gammafunk_ghost_spectres, uniq_grum
D:10:     layout_basic, dpeg_oklobed_lair, minmay_orc_entry_temple_small
D:11:     layout_roguey, kennysheep_pointless_box
D:12:     layout_gridville
D:13:     layout_basic, serial_park_tiny_1, kennysheep_treasure_room
Temple:   nicolae_temple_bog_church
Lair:1:   minmay_lair_venomous_thicket, layout_regular_city,
          gammafunk_ghost_hydra_chop
Lair:2:   layout_loops_ring, gammafunk_ghost_abyssal_escape, uniq_harold
Orc:1:    layout_caves, basic_altar, lightli_volcano_entry_magma_tube
Orc:2:    st_orc_pillars, layout_caves, nicolae_alphabet_shops, nooodl_orcs_dogs
Elf:1:    layout_rooms, basic_altar, minmay_elf_demonology, minmay_shop_star

Skill      XL: |  1  2  3  4  5  6  7  8  9 10 11 12 13 14 |
---------------+-------------------------------------------+-----
Armour         | 4 5 7 8 9 11 12 14 15 16 | 16.1
Shields        | 4 5 6 7 9 11 | 11.8
Fighting       | 4 5 6 7 8 10 12 14 | 14.4
Maces & Flails | 4 6 8 11 12 14 15 | 15.3
Dodging        | 1 2 3 5 6 |  6.3
Short Blades   | 1 3 5 |  5.8
Stealth        | 1 |  1.5
Throwing       | |  0.4
Evocations     | |  0.3

Action                   |  1- 3 |  4- 6 |  7- 9 | 10-12 | 13-15 || total
-------------------------+-------+-------+-------+-------+-------++-------
Melee: Flail             |    89 |    59 |       |       |       ||   148
       Headbutt          |    11 |    21 |    80 |   218 |   167 ||   497
       Dagger            |       |    72 |    61 |       |       ||   133
       Short sword       |       |       |   112 |       |       ||   112
       Whip              |       |       |   205 |   959 |   631 ||  1795
       Peck              |       |       |       |       |   126 ||   126
Throw: Dart              |       |       |       |       |     6 ||     6
Invok: Lunge             |       |       |    16 |    64 |    26 ||   106
       Whirlwind         |       |       |     7 |    81 |    40 ||   128
       Heavenly Storm    |       |       |       |       |     1 ||     1
Evoke: Wand              |       |       |       |       |     3 ||     3
  Use: Potion            |     1 |       |       |     6 |     8 ||    15
       Scroll            |       |     5 |     9 |     8 |     6 ||    28
Armor: Scale mail        |    26 |       |       |       |       ||    26
       Chain mail        |    40 |    70 |   180 |    82 |       ||   372
       Leather armour    |       |       |       |     1 |       ||     1
       Plate armour      |       |       |       |   215 |   123 ||   338
       Crystal plate arm |       |       |       |       |   116 ||   116
Dodge: Dodged            |    54 |    62 |   156 |   262 |   140 ||   674
Block: Buckler           |    26 |    32 |    73 |   135 |    97 ||   363

Table legend: (Time is in decaauts)
 A = Elapsed time spent in this place.
 B = Non-inter-level travel time spent in this place.
 C = Inter-level travel time spent in this place.
 D = Time resting spent in this place.
 E = Time spent auto-exploring this place.
 F = Levels seen in this place.
 G = Mean time per level.
                   A        B        C        D        E       F      G
               +--------+--------+--------+--------+--------+-----+--------+
         Total |  22517 |  21416 |   1101 |    702 |  14247 |  21 | 1072.2 |
       Dungeon |  13832 |  12958 |    874 |    274 |   9083 |  13 | 1064.0 |
        Temple |     70 |     55 |     15 |      0 |     23 |   1 |   70.0 |
          Lair |   2735 |   2616 |    119 |      0 |   1531 |   2 | 1367.5 |
  Orcish Mines |   4497 |   4405 |     92 |    354 |   2927 |   2 | 2248.5 |
   Elven Halls |    108 |    108 |      0 |      0 |      2 |   1 |  108.0 |
       Ossuary |    465 |    465 |      0 |      0 |    116 |   1 |  465.0 |
       Volcano |    808 |    808 |      0 |     74 |    564 |   1 |  808.0 |
               +--------+--------+--------+--------+--------+-----+--------+

Top non-repeatable levels by time:
   Orc:2: 3345 daAuts
     D:5: 1447 daAuts
  Lair:2: 1444 daAuts
  Lair:1: 1290 daAuts
     D:8: 1266 daAuts
    D:13: 1260 daAuts
     D:3: 1189 daAuts
     D:4: 1161 daAuts
   Orc:1: 1151 daAuts
     D:6: 1134 daAuts
     D:9: 1118 daAuts
    D:10: 1115 daAuts
     D:1: 908 daAuts
     D:7: 873 daAuts
     D:2: 849 daAuts
